 Dungeon Sprint DCSS version 0.27.1-33-g824d729ab1 (webtiles) character file.

Game seed: 270702715762364523

1845 Hipnos the Cleaver (level 9, -3/90 HPs)
             Began as a Hill Orc Monk on Nov 25, 2021.
             Was a Priest of Qazlal.
             Succumbed to Sonja's poison
             ... in the Dungeon (Sprint I: "Red Sonja").
             The game lasted 00:04:37 (906 turns).

Hipnos the Cleaver (Hill Orc Monk)                   Turns: 906, Time: 00:04:38

Health: -3/90      AC: 10    Str: 16    XL:     9   Next: 12%
Magic:  12/15      EV: 14    Int: 10    God:    Qazlal [***...]
Gold:   405        SH:  3    Dex: 14    Spells: 8/8 levels left

rFire    . . .     SeeInvis .   a - +0 hand axe
rCold    . . .     Faith    .   (no shield)
rNeg     . . .     Spirit   .   g - +0 ring mail
rPois    .         Reflect  .   (helmet restricted)
rElec    .         Harm     .   (no cloak)
rCorr    .         Rampage  .   (no gloves)
Will     .....     NoTele   +   (no boots)
Stlth    +.........             (no amulet)
HPRegen  0.25/turn              (no ring)
MPRegen  0.14/turn              (no ring)

@: lethally poisoned (-3 -> -17), slowed, very slow
A: beak, iridescent scales 2, MP-powered wands
a: Renounce Religion, Upheaval, Elemental Force


You were in the Dungeon.
You worshipped Qazlal.
Qazlal was most pleased with you.
You visited 1 branch You collected 405 gold pieces.

Inventory:

Hand Weapons
 a - a +0 hand axe (weapon)
Armour
 b - a +0 robe
 g - a +0 ring mail (worn)
Wands
 c - a wand of polymorph (11)
Scrolls
 h - a scroll of blinking
Potions
 e - a potion of haste
 f - 2 potions of magic


   Skills:
 + Level 12.0 Fighting
 + Level 14.7 Axes
 + Level 7.3 Armour
 + Level 8.2 Dodging
 - Level 1.5 Stealth
 + Level 2.0 Shields
 * Level 8.0 Invocations


You had 8 spell levels left.
You didn't know any spells.
Your spell library was empty.

Dungeon Overview and Level Annotations

Branches:
Dungeon (1/1)

Altars:
Cheibriados
Dithmenos
Elyvilon
Fedhas
Gozag
Hepliaklqana
Kikubaaqudgha
Makhleb
Nemelex Xobeh
Okawaru
Qazlal
Ru
Sif Muna
Trog
Uskayaw
Vehumet
Wu Jian
Xom
Yredelemnul
Zin
The Shining One
Jiyva
Lugonu

Shops:
D (


Innate Abilities, Weirdness & Mutations

You have a beak for a mouth.
You are mostly covered in iridescent scales. (AC +4)
You expend magic power (3 MP) to strengthen your wands.


Message History

You miss Sonja.
Sonja is severely wounded.
You feel extremely sick.
Sonja is engulfed in blazing flames.
Sonja barely misses you. x2
Sonja hits you with a +4 short sword of venom.
* * * LOW HITPOINT WARNING * * *
You are more poisoned.
You hit Sonja.
You kill Sonja!
Qazlal accepts your kill.
You can now give life to nearby clouds.
* * * LOW HITPOINT WARNING * * *
You feel extremely sick.
Your Fighting skill increases to level 12!
Your Axes skill increases to level 14!
Your Armour skill increases to level 7!
Your Dodging skill increases to level 8!
Your Shields skill increases to level 2!
Your Invocations skill gained 2 levels and is now at level 8!
You have reached level 9!
Your experience leads to an increase in your attributes!
Increase (S)trength, (I)ntelligence, or (D)exterity?
You feel stronger.
You feel much better.
* * * LOW HITPOINT WARNING * * *
You feel extremely sick.
It was a potion of mutation.
You feel extremely strange.
Your mouth lengthens and hardens into a beak!
Iridescent scales grow over part of your body.
You feel your magical essence link to the dungeon's wands.
Iridescent scales spread over more of your body.
* * * LOW HITPOINT WARNING * * *
You feel extremely sick.
Okay, then.
* * * LOW HITPOINT WARNING * * *
You feel extremely sick.
Things that are here:
a +4 short sword of venom; 2 curare-tipped darts
Okay, then.
As you read the scroll labelled MEANLU NAPRYEL, it crumbles to dust.
You feel a surge of unholy energy.
It was a scroll of torment.
You die...

##########################
#<.#.))..#..'..#__#..'.).#
#..'..#..'.)#..'..'..#)..#
#..#####'#####'#__####...+
#..####..#...#.#### #####
#..#__####..##[#
#..#_____##'#_.+
#⌠⌠#_.∩...'@.._#
####_..__##○.#'#
#_____###'#.# #######
#.### $.$ #$.$# ##.## #+#


There were no monsters in sight!

Vanquished Creatures
  Sonja (D)
  2 kobold demonologists (D)
  A slime creature (D)
  Sigmund (D)
  A yak (D)
  A floating eye (D)
  An ogre (D)
  A jelly (D)
  Ijyb (D)
10 creatures vanquished.

Vanquished Creatures (others)
  A gargoyle (D)
1 creature vanquished.

Grand Total: 11 creatures vanquished

Notes
Turn   | Place    | Note
-------+----------+-------------------------------------------
     0 | D        | Hipnos the Hill Orc Monk began the quest for the Orb.
     0 | D        | Reached XP level 1. HP: 19/19 MP: 1/1
     1 | D        | Noticed Ijyb
    23 | D        | Killed Ijyb
    24 | D        | Reached skill level 5 in Fighting
    24 | D        | Reached skill level 5 in Axes
    24 | D        | Reached XP level 2. HP: 13/29 MP: 2/2
    24 | D        | Reached XP level 3. HP: 16/36 MP: 3/3
    83 | D        | Noticed an ogre
    92 | D        | Killed an ogre
    93 | D        | Reached skill level 7 in Axes
    93 | D        | Reached skill level 1 in Armour
    93 | D        | Reached XP level 4. HP: 15/47 MP: 4/4
   314 | D        | Noticed Sigmund
   327 | D        | Killed Sigmund
   328 | D        | Reached skill level 10 in Axes
   328 | D        | Reached XP level 5. HP: 49/57 MP: 5/5
   328 | D        | Reached XP level 6. HP: 54/63 MP: 6/6
   354 | D        | Killed a gargoyle
   359 | D        | Found an ornate altar of the Wu Jian Council.
   359 | D        | Found a shimmering blue altar of Sif Muna.
   361 | D        | Found a radiant altar of Vehumet.
   400 | D        | Found Donea's Weapon Emporium.
   400 | D        | Found an ancient bone altar of Kikubaaqudgha.
   400 | D        | Found a hazy altar of Hepliaklqana.
   400 | D        | Found a stormy altar of Qazlal.
   400 | D        | Found a hide-covered altar of Uskayaw.
   400 | D        | Found a blossoming altar of Fedhas.
   400 | D        | Found a bloodstained altar of Trog.
   400 | D        | Found an iron altar of Okawaru.
   400 | D        | Found a basalt altar of Yredelemnul.
   400 | D        | Found a glowing golden altar of the Shining One.
   400 | D        | Found a snail-covered altar of Cheibriados.
   400 | D        | Found a sacrificial altar of Ru.
   400 | D        | Found a glowing silver altar of Zin.
   400 | D        | Found a shadowy altar of Dithmenos.
   400 | D        | Found a white marble altar of Elyvilon.
   400 | D        | Noticed a yak
   416 | D        | Killed a yak
   417 | D        | Reached skill level 10 in Fighting
   417 | D        | Reached skill level 11 in Axes
   417 | D        | Reached XP level 7. HP: 30/73 MP: 7/7
   417 | D        | Found an opulent altar of Gozag.
   418 | D        | Found a sparkling altar of Nemelex Xobeh.
   428 | D        | Became a worshipper of Qazlal Stormbringer
   428 | D        | Reached * piety under Qazlal
   428 | D        | Reached ** piety under Qazlal
   620 | D        | Found a burning altar of Makhleb.
   620 | D        | Found a viscous altar of Jiyva.
   620 | D        | Found a shimmering altar of Xom.
   620 | D        | Found a corrupted altar of Lugonu.
   620 | D        | Noticed a slime creature
   633 | D        | Killed a slime creature
   634 | D        | Reached skill level 12 in Axes
   666 | D        | Noticed a kobold demonologist
   667 | D        | Noticed a kobold demonologist
   668 | D        | Noticed a sun demon
   669 | D        | Noticed an orange demon
   670 | D        | Paralysed by a floating eye for 2 turns
   679 | D        | Killed a kobold demonologist
   680 | D        | Reached skill level 13 in Axes
   680 | D        | Reached skill level 5 in Armour
   680 | D        | Reached skill level 5 in Invocations
   680 | D        | Reached XP level 8. HP: 59/82 MP: 6/12
   699 | D        | Noticed a sixfirhy
   701 | D        | Killed a kobold demonologist
   702 | D        | Reached skill level 1 in Shields
   897 | D        | Noticed Sonja
   902 | D        | Killed Sonja
   902 | D        | Reached *** piety under Qazlal
   903 | D        | Reached skill level 14 in Axes
   903 | D        | Reached XP level 9. HP: 11/90 MP: 12/15
   904 | D        | Gained mutation: You have a beak for a mouth. [potion of
                  | mutation]
   904 | D        | Gained mutation: You are partially covered in iridescent
                  | scales. (AC +2) [potion of mutation]
   904 | D        | Gained mutation: You expend magic power (3 MP) to
                  | strengthen your wands. [potion of mutation]
   904 | D        | Gained mutation: You are mostly covered in iridescent
                  | scales. (AC +4) [potion of mutation]
   905 | D        | HP: 2/90 [poisoned by Sonja]
   906 | D        | Succumbed to Sonja's poison

Illustrated notes

Levels and vault maps discovered:
D:        dungeon_sprint_1 [red_sonja_temple_1, red_sonja_temple_small_1]

Skill      XL: |  1  2  3  4  5  6  7  8 |
---------------+-------------------------+-----
Fighting       | 5 7 9 10 11 12 | 12.0
Axes           | 5 7 10 11 13 14 | 14.7
Dodging        | 3 4 6 7 8 |  8.2
Armour         | 1 2 3 5 7 |  7.3
Invocations    | 5 8 |  8.0
Shields        | 2 |  2.0
Stealth        | |  1.5

Action                   |  1- 3 |  4- 6 |  7- 9 || total
-------------------------+-------+-------+-------++-------
Melee: Hand axe          |    27 |    27 |    45 ||    99
       Unarmed           |       |     3 |       ||     3
Invok: Upheaval          |       |       |     1 ||     1
  Use: Potion            |     2 |       |     2 ||     4
       Scroll            |       |       |     1 ||     1
 Stab: Sleeping          |     1 |     1 |       ||     2
       Confused          |       |     1 |       ||     1
Armor: Ring mail         |       |     2 |    18 ||    20
Dodge: Dodged            |    13 |     9 |    37 ||    59
Block: Other             |       |       |     5 ||     5
